 Seeded DCSS version 0.31-a0-214-gb37851dbb3 (webtiles) character file.

Game seed: 17612545735370830489 (custom seed)

130 innerfire43 the Trooper (level 4, 0/37 HPs)
             Began as a Demonspawn Monk on July 1, 2023.
             Slain by a gnoll
             ... wielding a +0 halberd
              (4 damage)
             ... on level 3 of the Dungeon.
             The game lasted 00:02:47 (1384 turns).

innerfire43 the Trooper (Demonspawn Monk)           Turns: 1384, Time: 00:02:47

Health: 0/37       AC:  6    Str: 13    XL:     4   Next: 89%
Magic:  4/4        EV:  8    Int: 14    God:
Gold:   134        SH: 21    Dex: 15    Spells: 3/3 levels left

rFire   . . .        j - +2 double sword (elec)
rCold   . . .        h - +10 tower shield of Ignorance {rN+ Int-4}
rNeg    + . .        b - +0 robe
rPois   .            k - +0 helmet
rElec   .            q - +2 cloak
rCorr   .            (no gloves)
SInv    +            (no boots)
Will    .....        (no amulet)
Stlth   +            f - +6 ring of intelligence
HPRegen 0.26/turn    m - ring of see invisible
MPRegen 0.09/turn

%: no passive effects
@: no status effects
A: powered by pain 1, weakness stinger 1
a: no special abilities


You were on level 3 of the Dungeon.
You visited 1 branch of the dungeon, and saw 3 of its levels.

You collected 1142 gold pieces.
You spent 1008 gold pieces at shops.

Inventory:

Hand Weapons
 a - a +0 hand axe
 j - a +2 double sword of electrocution (weapon)
Armour
 b - a +0 robe (worn)
 d - an orb of light
 h - the +10 tower shield of Ignorance (worn) {rN+ Int-4}
   (You bought it in a shop on level 1 of the Dungeon)

   Int:       It affects your intelligence (-4).
   rN:        It protects you from negative energy.
 k - a +0 helmet (worn)
 q - a +2 cloak (worn)
Jewellery
 f - a +6 ring of intelligence (left hand)
 m - a ring of see invisible (right hand)
Scrolls
 g - 2 scrolls of identify {unknown}
 i - a scroll of brand weapon {unknown}
 p - 3 scrolls of amnesia {unknown}
 r - a scroll of revelation {unknown}
 s - a scroll of butterflies {unknown}
Potions
 c - a potion of ambrosia
 e - 2 potions of brilliance {unknown}
 l - a potion of heal wounds {unknown}
 n - 2 potions of mutation {unknown}
 o - a potion of degeneration {unknown}


   Skills:
 + Level 3.8 Fighting
 * Level 2.2 Long Blades
 - Level 2.9 Axes
 - Level 3.2 Dodging
 * Level 1.3 Shields


You had 3 spell levels left.
You didn't know any spells.
Your spell library contained the following spells:

 Spells                   Type           Power      Damage    Failure   Level
 Slow                     Hex            0%         N/A       99%         1
 Confusing Touch          Hex            0%         N/A       100%        3
 Dazzling Flash           Conj/Hex       0%         N/A       100%        3
 Vampiric Draining        Necr           0%         2d6       100%        3
 Volatile Blastmotes      Fire/Tloc      0%         2d10      100%        3
 Fulminant Prism          Conj/Hex       0%         3d5       100%        4
 Iskenderun's Mystic Bla  Conj/Tloc      0%         2d3       100%        4
 Agony                    Necr           0%         N/A       100%        5
 Lee's Rapid Deconstruct  Erth           0%         3d4*      100%        5
 Silence                  Hex/Air        0%         N/A       100%        5


Dungeon Overview and Level Annotations

Branches:
Dungeon (3/15)

Altars:

Shops:
D:1 ([??


Innate Abilities, Weirdness & Mutations

You sometimes gain a little power by taking damage.
You have a small tail.


Message History

Found a halberd and 11 gold pieces.
The gnoll shouts! x2
A gnoll comes into view. It is wielding a +0 halberd.
The gnoll moves out of view.
A gnoll comes into view. It is wielding a +0 halberd.
There are monsters nearby!
A worm comes into view.
The gnoll shouts!
There are monsters nearby!
You hit the gnoll but do no damage. Lightning courses through the gnoll!!
You kill the gnoll!
You block the adder's attack. x2
You slash the adder!
You kill the adder!
A quokka comes into view.
The quokka bites the plant.
The plant begins to die.
You block the gnoll's attack. x2
Found a tubular brass ring.
Found a faded altar of an unknown god.
You block the gnoll's attack. x2
The gnoll hits you from afar with a +0 halberd!
Things that are here:
a +0 whip; a gnoll corpse
There are monsters nearby!
You closely miss the gnoll.
A nearby plant withers and dies.
You block the gnoll's attack. The gnoll closely misses you.
The gnoll hits you from afar with a +0 halberd.
You block the gnoll's attack. The gnoll closely misses you.
The gnoll hits you with a +0 flail.
There are monsters nearby!
You slash the worm!
The worm is severely wounded.
The gnoll hits you with a +0 flail!
* * * LOW HITPOINT WARNING * * *
You block the gnoll's attack. x2; You block the worm's attack.
The quokka twitches its whiskers.
The gnoll hits you with a +0 flail.
* * * LOW HITPOINT WARNING * * *
You block the gnoll's attack.
The gnoll hits you from afar with a +0 halberd.
You die...

#..=PP._.. #.....♣P.P
#...P.PPP♣ +......PP.
#.$....... #.....#..#
....###rwgg...). #####
#....# #@†g..# ....# #....#
#.....# ###.#
#....###.....## #.##
#....#..........
#..####....#.#########
##..#..^...#.#########
#####.................<#####
.........)................>#
)###.#.##.#...####.#######.#


You could see a worm, 3 gnolls and a quokka.

Vanquished Creatures
  Crazy Yiuf (D:2)
  Robin (D:2)
  2 adders (D:3)
  A gnoll (D:3)
  2 dart slugs (D:2)
  3 bats
  2 endoplasms (D:2)
  3 giant cockroaches (D:2)
  15 goblins
  4 hobgoblins
  2 ball pythons (D:2)
  2 frilled lizards
  11 kobolds
  4 rats
53 creatures vanquished.

Notes
Turn   | Place    | Note
-------+----------+-------------------------------------------
     0 | D:1      | innerfire43 the Demonspawn Monk began the quest for the
                  | Orb.
     0 | D:1      | Reached XP level 1. HP: 18/18 MP: 1/1
    23 | D:1      | Found Wezuit Hoju's Antique Weapon Shoppe.
    89 | D:1      | Found Apnaij's Armour Emporium.
   123 | D:1      | Found Raxki's Magic Scroll Shop.
   183 | D:1      | Gained mutation: You sometimes gain a little power by
                  | taking damage. [demonic ancestry]
   183 | D:1      | Reached XP level 2. HP: 24/24 MP: 2/2
   294 | D:1      | Found Irownig's Magic Scroll Shoppe.
   467 | D:1      | Identified a scroll of acquirement
   467 | D:1      | Acquired 934 gold pieces
   484 | D:1      | Bought the +10 tower shield of Ignorance {rN+ Int-4} for
                  | 630 gold pieces
   484 | D:1      | Found the +10 tower shield of Ignorance {rN+ Int-4}
   506 | D:1      | Bought a glowing double sword for 378 gold pieces
   600 | D:2      | Noticed Robin
   618 | D:2      | Killed Robin
   619 | D:2      | Reached skill level 1 in Long Blades
   619 | D:2      | Gained mutation: You have a small tail. [demonic ancestry]
   619 | D:2      | Reached XP level 3. HP: 8/29 MP: 3/3
   812 | D:2      | Found a runed translucent door.
   813 | D:2      | Noticed Crazy Yiuf
  1029 | D:2      | Reached XP level 4. HP: 33/36 MP: 4/4
  1198 | D:2      | Killed Crazy Yiuf
  1277 | D:3      | Reached skill level 1 in Shields
  1382 | D:3      | Found a faded altar of an unknown god.
  1384 | D:3      | Slain by a gnoll

Illustrated notes

Levels and vault maps discovered:
D:1:      grunt_arrival_crossed_arrows, layout_rooms, serial_shops,
          nicolae_shop_tiny_real_fake_doors, shop, nicolae_shop_tiny_waterfront,
          shop_coins
D:2:      layout_loops_cross, uniq_crazy_yiuf_cottage, uniq_robin
D:3:      layout_basic, gammafunk_ghost_smash, dreamdust_ecumenical_altar_grove

Skill      XL: |  1  2  3  4 |
---------------+-------------+-----
Dodging        | 3 |  3.2
Long Blades    | 1 2 |  2.2
Shields        | 1 |  1.3
Fighting       | |  3.8
Axes           | |  2.9

Action                     |  1- 3 |  4- 6 || total
---------------------------+-------+-------++-------
  Melee: Hand axe          |    27 |       ||    27
         Double sword      |    70 |    18 ||    88
         Tailslap          |     4 |     1 ||     5
    Use: Potion            |     2 |       ||     2
         Scroll            |     1 |       ||     1
   Stab: Sleeping          |     1 |     1 ||     2
 Armour: Robe              |    14 |       ||    14
  Dodge: Dodged            |    33 |     4 ||    37
  Block: Tower shield      |    93 |    27 ||   120

Table legend: (Time is in decaauts)
 A = Elapsed time spent in this place.
 B = Non-inter-level travel time spent in this place.
 C = Inter-level travel time spent in this place.
 D = Time resting spent in this place.
 E = Time spent auto-exploring this place.
 F = Levels seen in this place.
 G = Mean time per level.
                   A        B        C        D        E       F      G
               +--------+--------+--------+--------+--------+-----+--------+
         Total |   1468 |   1399 |     69 |      0 |   1016 |   3 |  489.3 |
       Dungeon |   1468 |   1399 |     69 |      0 |   1016 |   3 |  489.3 |
               +--------+--------+--------+--------+--------+-----+--------+

Top non-repeatable levels by time:
     D:2: 802 daAuts
     D:1: 516 daAuts
     D:3: 149 daAuts
